 Dungeon Crawl Stone Soup version 0.14-a0-1844-g8283a67 (webtiles) character file.

1749 4tharraofdagon the Slasher (level 8, -2/68 HPs)
             Began as a Centaur Gladiator on Jan 12, 2014.
             Was a Follower of the Shining One.
             Slain by a goliath beetle (25 damage)
             ... on Level 9 of the Dungeon.
             The game lasted 00:17:42 (3044 turns).

4tharraofdagon the Slasher (Centaur Gladiator)      Turns: 3044, Time: 00:17:43

HP  -2/68        AC 12     Str 24      XL: 8   Next: 48%
MP  11/11        EV 11     Int 11      God: the Shining One [*.....]
Gold 288         SH  0     Dex 17      Spells:  0 memorised,  7 levels left

rFire  . . .     SeeInvis .     l - +1 dwarf long sword
rCold  . . .     Clarity  .     Q - +4 robe of Augmentation {Str+4 Dex+4 Int+4}
rNeg   . . .     Conserve .     (no shield)
rPois  .         rCorr    .     p - +2 helmet
rElec  .         rRot     .     (no cloak)
SustAb . .       Spirit   .     (no gloves)
rMut   .         Warding  .     (no barding)
Saprov . . .     Stasis   .     (no amulet)
                                B - ring "Jeepot" {AC+1 Dex+3}
                                A - ring of protection from magic

@: glowing, very quick, quite resistant to hostile enchantments, very unstealthy
A: hooves 3, deformed body, herbivore 1, speed 2, fast metabolism 1, tough skin
3
a: Renounce Religion


You were on level 9 of the Dungeon.
You worshipped the Shining One.
The Shining One was aware of your devotion.
You were not hungry.

You visited 1 branch of the dungeon, and saw 9 of its levels.

You collected 342 gold pieces.
You spent 54 gold pieces at shops.

Inventory:

Hand weapons
 a - a +0,+0 falchion
 l - a +1,+1 dwarven long sword (weapon)
 S - the +6,+7 dagger of the Vestibule of Hell {freeze, +Inv rF+, unknown}
   (You found it on level 8 of the Dungeon)

   It has been specially enchanted to freeze those struck by it, causing extra
   injury to most foes and up to double damage against particularly susceptible
   opponents.
   It can also slow down cold-blooded creatures.
   It protects you from fire.
   It lets you turn invisible.
Missiles
 C - a throwing net [torn] (quivered)
 I - a throwing net [frayed]
Armour
 b - a +0 leather armour
 c - a +0 helmet
 e - a +0 ring mail
 m - a +0 orcish ring mail
 p - a +2 helmet (worn)
 t - a +2 scale mail
 Q - the +4 robe of Augmentation (worn) {Str+4 Dex+4 Int+4}
   (You found it on level 8 of the Dungeon)

   It affects your strength (+4).
   It affects your intelligence (+4).
   It affects your dexterity (+4).
Magical devices
 d - a wand of fireball (2)
 z - a wand of paralysis (4)
 K - a wand of cold (1)
 M - a wand of confusion (4)
 O - a wand of magic darts (7)
 P - a wand of paralysis (17)
Comestibles
 f - 4 bread rations
 g - a slice of pizza
 j - 5 meat rations
 L - a pear
Scrolls
 h - a scroll of curse jewellery
 k - a scroll of enchant weapon II
 o - 4 scrolls of remove curse
 v - a scroll of recharging {unknown}
 x - a scroll of immolation {unknown}
 y - a scroll of magic mapping {unknown}
 D - a scroll of enchant armour {unknown}
 H - a scroll of fog
 N - a scroll of fear
 T - a scroll of curse weapon {unknown}
Jewellery
 n - an uncursed ring of sustenance
 A - a ring of protection from magic (left hand)
 B - the ring "Jeepot" (right hand) {AC+1 Dex+3}
   (You found it on level 4 of the Dungeon)

   [ring of protection]

   It affects your AC (+1).
   It affects your dexterity (+3).
 J - an uncursed ring of protection from magic
 R - an uncursed ring of positive energy
Potions
 i - a potion of flight {unknown}
 q - 4 potions of heal wounds
 r - a potion of cure mutation
 s - 3 potions of speed {unknown}
 u - a potion of resistance {unknown}
 F - 2 potions of agility
 U - 2 potions of might {unknown}
Books
 w - a book of Wizardry

   Spells                             Type                      Level
   Summon Elemental                   Summoning                    4
   Agony                              Necromancy                   5
   Force Lance                        Conjuration                  5
   Fireball                           Conjuration/Fire             5
   Haste                              Charms                       6
   Invisibility                       Hexes                        6
 G - a book of Death

   Spells                             Type                      Level
   Corpse Rot                         Necromancy                   2
   Sublimation of Blood               Necromancy                   2
   Agony                              Necromancy                   5
   Dispel Undead                      Necromancy                   5
   Excruciating Wounds                Charms/Necromancy            5
   Bolt of Draining                   Conjuration/Necromancy       5
   The Shining One opposes the use of such an evil item.
Magical staves
 E - an uncursed staff of poison


   Skills:
 + Level 5.1 Fighting
 * Level 6.5 Long Blades
 - Level 2.6 Throwing
 + Level 3.4 Armour
 + Level 2.9 Dodging
 + Level 3.9 Evocations


You had 7 spell levels left.
You didn't know any spells.

Dungeon Overview and Level Annotations

Branches:
Dungeon (9/16)             Temple (0/1) D:7
    Orc: D:9-12        Lair: D:8-11

Altars:
Cheibriados
Elyvilon
Nemelex Xobeh
Trog
Zin
the Shining One

Shops:
D:8 *

Annotations:
D:1 1 exclusion
D:4 Edmund


Innate Abilities, Weirdness & Mutations

You have hooves in place of feet.
Armour fits poorly on your strangely shaped body.
You digest meat inefficiently.
You cover ground very quickly.
You have a fast metabolism.
You have extremely tough skin (AC +3).


Message History

The goliath beetle is moderately wounded.
The goliath beetle bites you!
You hit the goliath beetle. You kick the goliath beetle.
The goliath beetle is heavily wounded.
You hit the goliath beetle. You kick the goliath beetle!
The goliath beetle is severely wounded.
The goliath beetle bites you!
You hit the goliath beetle but do no damage.
You kick the goliath beetle, but do no damage.
The goliath beetle is severely wounded.
The goliath beetle bites you but does no damage.
You slash the goliath beetle! You kick the goliath beetle.
The goliath beetle is almost dead.
Unknown command.
You hit the goliath beetle but do no damage.
You kick the goliath beetle, but do no damage.
The goliath beetle is almost dead.
The goliath beetle waves its antennae.
The goliath beetle bites you!
You die...

#.ooo....#
#?####......#
#.######
#.####
##.....
#...o..
.......
#......###
#.....B@.# #
#.###..#.# #
.....#.#
######
#####.#)#
.....# #.#.#
##.#.# #.#.#
##.#.# ###
#.#.# ##.#.#
.... ..#.#
##.#.##..#
##.#


You could see a goliath beetle and an orc warrior.

Vanquished Creatures
  An ice beast (D:7)
  A yellow wasp (D:8)
  2 ogres (D:8)
  2 centaurs (D:8)
  2 water moccasins
  5 giant frogs
  A yak skeleton (D:8)
  A crimson imp (D:8)
  A centaur zombie (D:7)
  2 orc wizards
  A hound (D:9)
  A quasit (D:8)
  A scorpion (D:7)
  2 worker ants (D:8)
  5 gnolls
  5 adders
  A giant mite (D:7)
  A steam dragon skeleton (D:5)
  An inept item mimic (D:3)
  A worm (D:4)
  A giant eyeball (D:8)
  2 oozes
  10 orcs
  8 goblins
  5 hobgoblins
  4 jackals (D:1)
  5 kobolds
  A ball python (D:2)
  7 bats
  7 giant cockroaches
  2 giant geckos
  3 giant newts (D:4)
  3 quokkas
  9 rats
104 creatures vanquished.

Vanquished Creatures (others)
  A plant (D:3)
1 creature vanquished.

Grand Total: 105 creatures vanquished

Notes
Turn   | Place    | Note
--------------------------------------------------------------
     0 | D:1      | 4tharraofdagon, the Centaur Gladiator, began the quest for the Orb.
     0 | D:1      | Reached XP level 1. HP: 17/17 MP: 1/1
   108 | D:1      | Reached skill level 3 in Long Blades
   150 | D:1      | Reached XP level 2. HP: 15/24 MP: 2/2
   348 | D:2      | Found a sparkling altar of Nemelex Xobeh.
   398 | D:2      | Found a white marble altar of Elyvilon.
   549 | D:3      | Found a glowing silver altar of Zin.
   562 | D:3      | Found a snail-covered altar of Cheibriados.
   590 | D:3      | Found a glowing golden altar of the Shining One.
   593 | D:3      | Found a bloodstained altar of Trog.
   601 | D:3      | Became a worshipper of the Shining One
   624 | D:3      | Reached XP level 3. HP: 18/29 MP: 3/3
   865 | D:2      | Reached skill level 1 in Armour
   971 | D:4      | Found a bloodstained altar of Trog.
   976 | D:4      | Got a fine pewter ring
  1161 | D:4      | Noticed an ogre
  1163 | D:4      | Reached XP level 4. HP: 37/37 MP: 3/3
  1175 | D:4      | Noticed a centaur
  1184 | D:4      | Noticed Edmund
  1194 | D:5      | Entered Level 5 of the Dungeon
  1265 | D:5      | Reached skill level 4 in Long Blades
  1354 | D:5      | Noticed an ogre
  1625 | D:4      | Noticed a centaur
  1625 | D:4      | Noticed a centaur
  1625 | D:4      | Noticed a phantom
  1798 | D:6      | Reached XP level 5. HP: 36/44 MP: 4/4
  1903 | D:6      | Noticed a water moccasin
  1942 | D:6      | Killed a water moccasin
  1942 | D:6      | Reached skill level 1 in Evocations
  2157 | D:7      | Found a staircase to the Ecumenical Temple.
  2176 | D:7      | Reached XP level 6. HP: 43/51 MP: 6/6
  2271 | D:7      | Noticed an orc warrior
  2271 | D:7      | Acquired the Shining One's first power
  2335 | D:8      | Reached skill level 5 in Long Blades
  2371 | D:8      | Identified the ring "Jeepot" {AC+1 Dex+3} (You found it on level 4 of the Dungeon)
  2467 | D:8      | Reached XP level 7. HP: 41/59 MP: 7/7
  2619 | D:8      | Got an ancient dagger
  2692 | D:7      | Noticed an ice beast
  2699 | D:7      | Killed an ice beast
  2699 | D:7      | Reached skill level 6 in Long Blades
  2711 | D:6      | Noticed a giant frog
  2718 | D:6      | Killed a giant frog
  2718 | D:6      | Reached XP level 8. HP: 43/67 MP: 10/10
  2823 | D:8      | Paralysed by a giant eyeball for 2 turns
  2838 | D:8      | Found Isasch's General Store.
  2846 | D:8      | Bought a scroll of identify for 24 gold pieces
  2846 | D:8      | Bought a potion of agility for 30 gold pieces
  2871 | D:8      | Reached skill level 5 in Fighting
  3044 | D:9      | Slain by a goliath beetle

Action                   |  1- 3 |  4- 6 |  7- 9 || total
-------------------------+-------+-------+-------++-------
Melee: Falchion          |    42 |       |       ||    42
       Long sword        |    55 |    94 |    84 ||   233
Throw: Throwing net      |       |     4 |     1 ||     5
Evoke: Wand              |     1 |     7 |     1 ||     9
  Use: Potion            |     1 |     3 |     1 ||     5
       Scroll            |     8 |     3 |     2 ||    13
